 Dungeon Crawl Stone Soup version 0.29-a0-668-g12ee2bf84d (webtiles) character file.

Game seed: 7393420440126494870

24465 zishaf the Covert (level 12, 0/94 HPs)
             Began as a Vampire Enchanter on June 23, 2022.
             Was a High Priest of Wu Jian.
             Slain by Rupert
             ... wielding a +1 vorpal great sword
              (19 damage)
             ... on level 13 of the Dungeon.
             The game lasted 00:38:16 (11889 turns).

zishaf the Covert (Vampire Enchanter)              Turns: 11889, Time: 00:38:16

Health: 0/94       AC: 12    Str:  7    XL:     12   Next: 80%
Magic:  20/20      EV: 16    Int: 22    God:    Wu Jian [*****.]
Gold:   1188       SH: 12    Dex: 19    Spells: 5/22 levels left

rFire   + . .      SeeInvis +   o - +4 dagger (venom)
rCold   . . .      Faith    .   t - +1 kite shield
rNeg    . . .      Spirit   .   J - +0 troll leather armour
rPois   .          Reflect  .   M - +2 helmet
rElec   .          Harm     .   y - +1 cloak
rCorr   .          Rampage  .   a - +1 pair of gloves "Bozxemuo" {Will+}
Will    +....                   z - +0 pair of boots of Dogmatism {Dex+4 SInv}
Stlth   +++++.....              m - amulet of magic regeneration
HPRegen 1.25/turn               j - +4 ring of evasion
MPRegen 0.57/turn               f - ring of protection from fire

@: weak-willed, healing quickly
A: alive, fangs 3, see invisible, vampiric 2
a: Exsanguinate, Renounce Religion, Wall Jump, Serpent's Lash, Heavenly Storm


You were on level 13 of the Dungeon.
You worshipped Wu Jian.
Wu Jian was extremely pleased with you.
You visited 2 branches of the dungeon, and saw 14 of its levels.

You collected 1434 gold pieces.
You spent 246 gold pieces at shops.

Inventory:

Hand Weapons
 n - the +5 dagger "Goblinbane" {drain, *Corrode Fly rElec}
   (You found it on level 5 of the Dungeon)

   A truly terrible weapon, it drains the life of any living foe it strikes.
   rElec:     It insulates you from electricity.
   Fly:       It grants you flight.
   *Corrode:  It may corrode you when you take damage.
 o - a +4 dagger of venom (weapon)
Missiles
 e - 50 poisoned darts (quivered)
 p - a throwing net
 I - a curare-tipped dart
Armour
 a - the +1 pair of gloves "Bozxemuo" (worn) {Will+}
   (You found it on level 10 of the Dungeon)

   Will:      It increases your willpower.
 t - a +1 kite shield (worn)
 y - a +1 cloak (worn)
 z - the +0 pair of boots of Dogmatism (worn) {Dex+4 SInv}
   (You acquired it on level 8 of the Dungeon)

   Dex:       It affects your dexterity (+4).
   SInv:      It lets you see invisible.
 J - a +0 troll leather armour (worn)
 M - a +2 helmet (worn)
Jewellery
 f - a ring of protection from fire (right hand)
 j - a +4 ring of evasion (left hand)
 m - an amulet of magic regeneration (around neck)
 F - a ring of flight
 L - a ring of magical power
Wands
 k - a wand of polymorph (10)
 u - a wand of flame (32)
 C - a wand of paralysis (12)
 K - a wand of digging (4)
Scrolls
 g - 3 scrolls of fog
 s - a scroll of blinking {unknown}
 w - 4 scrolls of teleportation {unknown}
 B - a scroll of fear
 G - a scroll of summoning
 H - a scroll of enchant weapon
Potions
 b - a potion of mutation
 c - 2 potions of invisibility
 d - 2 potions of magic
 h - a potion of brilliance
 i - a potion of ambrosia {unknown}
 l - 2 potions of curing
 r - 2 potions of lignification
 v - 3 potions of berserk rage
 x - 4 potions of heal wounds
 A - a potion of haste {unknown}
 D - 4 potions of attraction
 E - a potion of might
 N - a potion of resistance


   Skills:
 + Level 8.3 Fighting
 - Level 8.0 Short Blades
 - Level 4.0 Dodging
 - Level 11.0 Stealth
 + Level 7.8 Shields
 + Level 5.8 Spellcasting
 - Level 11.0 Hexes
 * Level 3.8 Necromancy
 - Level 10.6 Ice Magic
 * Level 3.5 Earth Magic


You had 5 spell levels left.
You knew the following spells:

 Your Spells              Type           Power      Damage    Failure   Level
a - Ensorcelled Hibernat  Hex/Ice        100%       N/A       1%          2
b - Slow                  Hex            100%       N/A       1%          1
c - Tukima's Dance        Hex            53%        N/A       1%          3
d - Borgnjor's Vile Clut  Necr/Erth      11%        N/A       91%         5
A - Frozen Ramparts       Ice            100%       1d12      1%          3
B - Confusing Touch       Hex            53%        N/A       1%          3

Your spell library contained the following spells:

 Spells                   Type           Power      Damage    Failure   Level
 Dazzling Flash           Conj/Hex       60%        N/A       11%         3
 Portal Projectile        Hex/Tloc       60%        N/A       11%         3
 Leda's Liquefaction      Hex/Erth       19%        N/A       19%         4
 Vampiric Draining        Necr           23%        2d7       22%         3
 Ice Form                 Ice/Tmut       29%        N/A       36%         4
 Summon Ice Beast         Ice/Summ       29%        N/A       36%         4
 Blink                    Tloc           12%        N/A       47%         2
 Animate Dead             Necr           23%        N/A       58%         4
 Call Canine Familiar     Summ           6%         N/A       71%         3
 Conjure Flame            Conj/Fire      6%         6-21      71%         3
 Ignite Poison            Fire/Tmut/Pois 6%         N/A       71%         3
 Lesser Beckoning         Tloc           6%         N/A       71%         3
 Sticky Flame             Conj/Fire      6%         2d3       98%         4
 Manifold Assault         Tloc           6%         N/A       100%        5
 Death Channel            Necr           11%        N/A       100%        6


Dungeon Overview and Level Annotations

Branches:
Dungeon (13/15)            Temple (1/1) D:4            Lair (0/6) D:11
    Orc (0/2) D:10         Vaults (0/5) D:13

Altars:
Ashenzari
Cheibriados
Dithmenos
Elyvilon
Fedhas
Gozag
Hepliaklqana
Kikubaaqudgha
Makhleb
Nemelex Xobeh
Okawaru
Qazlal
Ru
Sif Muna
Trog
Uskayaw
Vehumet
Wu Jian
Xom
Yredelemnul
Zin
The Shining One

Shops:
D:9 =   D:11 =(*=*   D:13 [

Annotations:
D:13 Rupert


Innate Abilities, Weirdness & Mutations

Your natural rate of healing is accelerated.
You have razor-sharp teeth.
You have supernaturally acute eyesight. (SInv)
You are afflicted with vampirism and can become a bat while bloodless.


Message History

Aim: Rupert, wielding a +1 vorpal great sword and wearing a +0 leather armour (chance to affect: 10%)
Okay, then.
Casting: Ensorcelled Hibernation (safe; 1% risk of failure)
Confirm with . or Enter, or press ? or * to list all spells.
Okay, then.
Press: ? - help, v - describe, . - travel
Here: Rupert, wielding a +1 vorpal great sword and wearing a +0 leather armour The floor.
Okay, then.
Really read the scroll of vulnerability?
As you read the scroll of vulnerability, it crumbles to dust.
Magic quickly surges around you.
Casting: Ensorcelled Hibernation (safe; 1% risk of failure)
Confirm with . or Enter, or press ? or * to list all spells.
Aiming: Ensorcelled Hibernation (safe; 1% risk of failure)
Press: ? - help, Shift-Dir - straight line, f - Rupert
Aim: Rupert, wielding a +1 vorpal great sword and wearing a +0 leather armour (weak-willed, chance to affect: 46%) Rupert looks drowsy...
You lunge at Rupert.
The helpless Rupert fails to defend himself.
You skewer Rupert like a kebab!!!!
Rupert looks as sick as possible!
You bite Rupert, but do no damage.
Rupert is severely wounded.
Rupert yells loudly at you.
You are confused.
Rupert roars madly and goes into a rage!
Rupert goes berserk!
Rupert hits you with a +1 vorpal great sword!!
Rupert hits you with a +1 vorpal great sword!
You hit Rupert.
Rupert looks as sick as possible!
Rupert is severely wounded.
Rupert closely misses you.
You miss Rupert.
Rupert is severely wounded.
Rupert hits you with a +1 vorpal great sword!!!
* * * LOW HITPOINT WARNING * * *
x2 Unknown command.
You feel better.
Rupert hits you with a +1 vorpal great sword!!
You die...

..# #...# #...########..####
..######...#####.).#......#†.')..
...................#......#'#####
....##########.....#.......†.....
....# #...^.#............. ...>#
#....<#............. ....#
#.....#......####'##
....###+######.....#......#......
#.[.............@..#......#...∩..
#...............@..########[.....
#.....>.................. #######
'........................
#........................
.......########....######
.......# #....# .......# ######
.......#


You could see Rupert (berserk, extremely poisoned, weak-willed).

Vanquished Creatures
  A hydra (D:11)
  A death knight (D:13)
  3 two-headed ogres
  2 boulder beetles
  Nergalle (D:10)
  Lodul (D:11)
  A necromancer (D:13)
  8 slime creatures
  3 ugly things (D:13)
  2 cyclopes (D:12)
  2 gargoyles
  An unseen horror (shapeshifter) (D:10)
  An unseen horror (D:12)
  A komodo dragon (D:12)
  A kobold demonologist (D:11)
  A yaktaur (shapeshifter) (D:8)
  6 trolls
  2 hornets
  Grinder (D:4)
  Prince Ribbit (D:6)
  A culicivora (shapeshifter) (D:12)
  Sigmund (D:2)
  A wraith (D:11)
  A shadow (D:8)
  25 yaks
  A basilisk (D:12)
  A steam dragon (D:6)
  3 vampire mosquitoes (D:13)
  Menkaure (D:5)
  3 wargs (D:11)
  An acid dragon (D:12)
  3 water moccasins
  Duvessa (D:6)
  4 orc warriors
  A sky beast (D:8)
  8 ogres
  A centaur (D:9)
  The ghost of om the Insei, an amateur MfTm (D:3)
  8 kobold brigands
  3 phantoms
  Blork the orc (D:4)
  4 bullfrogs
  2 necrophages
  3 scorpions
  Dowan (D:6)
  13 wights
  9 killer bees
  2 howler monkeys
  A hound (D:2)
  5 jellies
  14 orc priests
  A gnoll shaman (D:7)
  6 iguanas
  Terence (D:3)
  6 orc wizards
  A mummy (D:7)
  Robin (D:3)
  13 gnolls
  9 adders
  2 white imps
  An ufetubus (D:7)
  2 worms (D:2)
  4 dart slugs
  51 orcs
  5 ball pythons
  4 bats
  5 endoplasms
  5 giant cockroaches
  19 goblins
  9 hobgoblins
  3 quokkas
  4 frilled lizards
  32 kobolds
  7 rats
355 creatures vanquished.

Vanquished Creatures (collateral kills)
  A yak (D:8)
  3 wights
  A kobold (D:9)
5 creatures vanquished.

Vanquished Creatures (others)
  2 dancing weapons (D:8)
  An orc (D:5)
3 creatures vanquished.

Grand Total: 363 creatures vanquished

Notes
Turn   | Place    | Note
-------+----------+-------------------------------------------
     0 | D:1      | zishaf the Vampire Enchanter began the quest for the Orb.
     0 | D:1      | Reached XP level 1. HP: 13/13 MP: 3/3
   252 | D:1      | Reached XP level 2. HP: 9/20 MP: 5/5
   261 | D:1      | Learned a level 2 spell: Ensorcelled Hibernation
   693 | D:1      | You fall into a shaft and drop 1 floor!
   729 | D:2      | Noticed Sigmund
   764 | D:2      | Killed Sigmund
   765 | D:2      | Reached skill level 1 in Fighting
   765 | D:2      | Reached skill level 5 in Stealth
   765 | D:2      | Reached skill level 5 in Hexes
   765 | D:2      | Reached skill level 1 in Ice Magic
   765 | D:2      | Gained mutation: You are afflicted with vampirism and can
                  | become a bat while bloodless. [Vampire growth]
   765 | D:2      | Reached XP level 3. HP: 10/27 MP: 3/6
   765 | D:2      | Reached XP level 4. HP: 13/33 MP: 3/7
   765 | D:2      | Reached XP level 5. HP: 15/38 MP: 3/8
  1681 | D:2      | Reached XP level 6. HP: 44/44 MP: 7/9
  1791 | D:3      | Learned a level 3 spell: Frozen Ramparts
  1795 | D:3      | Learned a level 3 spell: Confusing Touch
  1828 | D:3      | Noticed Robin
  1907 | D:3      | Killed Robin
  1949 | D:3      | Found a sparkling altar of Nemelex Xobeh.
  1956 | D:3      | Found a faded altar of an unknown god.
  1967 | D:3      | Found a runed translucent gate.
  1967 | D:3      | Found a runed translucent gate.
  1970 | D:3      | Found a runed translucent gate.
  1971 | D:3      | Noticed om's ghost (amateur MfTm)
  2160 | D:3      | Learned a level 1 spell: Slow
  2511 | D:3      | Noticed Terence
  2537 | D:3      | Killed Terence
  2902 | D:3      | Killed om's ghost
  3076 | D:4      | Found a staircase to the Ecumenical Temple.
  3085 | Temple   | Entered the Ecumenical Temple
  3092 | Temple   | Became a worshipper of the Wu Jian Council
  3125 | D:4      | Noticed Blork the orc
  3130 | D:4      | Reached XP level 7. HP: 50/51 MP: 10/10
  3148 | D:4      | Killed Blork the orc
  3149 | D:4      | Reached skill level 1 in Shields
  3395 | D:4      | Noticed Grinder
  3504 | D:4      | Killed Grinder
  3744 | D:5      | Entered Level 5 of the Dungeon
  3756 | D:5      | Reached XP level 8. HP: 58/58 MP: 11/11
  3882 | D:5      | Identified the +5 dagger "Goblinbane" {drain, *Corrode Fly
                  | rElec}
  4258 | D:5      | Noticed Menkaure
  4260 | D:5      | Killed Menkaure
  4333 | D:5      | Reached skill level 5 in Ice Magic
  4341 | D:5      | Reached * piety under Wu Jian
  4464 | D:5      | Reached skill level 5 in Short Blades
  4481 | D:5      | Found a hazy altar of Hepliaklqana.
  4955 | D:6      | Noticed Prince Ribbit
  4974 | D:6      | Killed Prince Ribbit
  4975 | D:6      | Reached XP level 9. HP: 24/65 MP: 10/12
  5246 | D:6      | Identified the +1 leather armour of Poor Excuses {+Blink
                  | rCorr Int-3}
  5267 | D:6      | Noticed Duvessa
  5267 | D:6      | Noticed Dowan
  5283 | D:6      | Killed Duvessa
  5428 | D:6      | Killed Dowan
  5804 | D:6      | Learned a level 3 spell: Tukima's Dance
  6483 | D:7      | Found a snail-covered altar of Cheibriados.
  6591 | D:8      | Reached ** piety under Wu Jian
  6606 | D:8      | Identified a scroll of acquirement
  6606 | D:8      | Acquired the +0 pair of boots of Dogmatism {Dex+4 SInv}
  6642 | D:8      | Reached skill level 5 in Fighting
  6647 | D:8      | Reached XP level 10. HP: 74/74 MP: 4/13
  6662 | D:8      | Paralysed by a kobold brigand for 4 turns
  6701 | D:8      | Paralysed by a kobold brigand for 3 turns
  6762 | D:8      | Noticed a gargoyle
  6775 | D:8      | Killed a gargoyle
  7205 | D:8      | Reached skill level 10 in Stealth
  7216 | D:8      | Reached skill level 5 in Shields
  7705 | D:9      | Found Foasha Mukewn's Jewellery Shoppe.
  7736 | D:9      | Reached *** piety under Wu Jian
  7808 | D:9      | Noticed a two-headed ogre
  7810 | D:9      | Killed a two-headed ogre
  7952 | D:9      | Reached XP level 11. HP: 81/81 MP: 14/14
  8219 | D:10     | Entered Level 10 of the Dungeon
  8263 | D:10     | Identified the +1 pair of gloves "Bozxemuo" {Will+}
  8263 | D:10     | Found a staircase to the Orcish Mines.
  8303 | D:10     | Reached **** piety under Wu Jian
  8434 | D:10     | Found a shimmering blue altar of Sif Muna.
  8506 | D:10     | Noticed Nergalle
  8532 | D:10     | Noticed a spectral orc warlord
  8797 | D:10     | Killed Nergalle
  9268 | D:10     | Found a broken altar of Ashenzari.
  9723 | D:10     | Reached ***** piety under Wu Jian
  9833 | D:11     | Found Xitim's Jewellery Emporium.
  9844 | D:11     | Found Jelerum's Assorted Antiques.
  9946 | D:11     | Found Nuboshru's General Store.
  9951 | D:11     | Noticed Lodul
 10025 | D:11     | Killed Lodul
 10026 | D:11     | Reached skill level 10 in Hexes
 10026 | D:11     | Reached skill level 10 in Ice Magic
 10093 | D:11     | Bought a potion of lignification for 36 gold pieces
 10097 | D:11     | Noticed a two-headed ogre
 10101 | D:11     | Killed a two-headed ogre
 10162 | D:11     | Found a staircase to the Lair.
 10182 | D:11     | Reached XP level 12. HP: 57/91 MP: 14/18
 10442 | D:11     | Found Kivuo's Antique Weapon Boutique.
 10500 | D:11     | Noticed a five-headed hydra
 10505 | D:11     | Killed a five-headed hydra
 10507 | D:11     | Found Gitay's Jewellery Shop.
 10543 | D:11     | Found an ornate altar of the Wu Jian Council.
 10659 | D:12     | Noticed a boulder beetle
 10665 | D:12     | Killed a boulder beetle
 10699 | D:12     | Found an iron altar of Okawaru.
 10781 | D:12     | Identified the +8 glaive of Ceuc {vorpal, rElec rPois
                  | Dex+2}
 10982 | D:12     | Reached skill level 5 in Spellcasting
 11420 | D:12     | Learned a level 5 spell: Borgnjor's Vile Clutch
 11523 | D:13     | Reached skill level 1 in Necromancy
 11523 | D:13     | Reached skill level 1 in Earth Magic
 11572 | D:13     | Noticed a death knight
 11576 | D:13     | Killed a death knight
 11583 | D:13     | Found Mygoem's Antique Armour Boutique.
 11591 | D:13     | Bought an embroidered cloak for 210 gold pieces
 11689 | D:13     | Noticed a boulder beetle
 11698 | D:13     | Killed a boulder beetle
 11765 | D:13     | Noticed a two-headed ogre
 11782 | D:13     | Killed a two-headed ogre
 11827 | D:13     | Found a gate to the Vaults.
 11876 | D:13     | Noticed Rupert
 11889 | D:13     | Slain by Rupert

Illustrated notes

Levels and vault maps discovered:
D:1:      elethiomel_arrival_shortcut, layout_basic
D:2:      minmay_recursive_quarters, layout_loops_ring, uniq_sigmund
D:3:      layout_basic, nemelex_xobeh_ov_fountains_minmay,
          ebering_ghost_rock_garden, hellmonk_ecumenical_altar_heavens_door,
          minmay_misc_feat_four_crosses, uniq_terence, uniq_robin
D:4:      layout_cave_pools, minmay_temple_entry_overgrown, uniq_grinder,
          uniq_blork_the_orc
D:5:      layout_loops_ring, lemuel_tele_altar, mainiacjoe_overflow_swirl,
          nrook_campfire, kennysheep_generic_room_4, uniq_menkaure
D:6:      layout_cave_pods, uniq_duvessa, uniq_prince_ribbit1
D:7:      layout_basic, slow_altar_2
D:8:      minmay_cornered_nines, layout_layer_cave
D:9:      layout_rooms, serial_shops, nicolae_diamond_shop
D:10:     layout_layer_cave, cheibrodos_ashenzari_chains,
          nicolae_sif_muna_condensation, hiddenorc2_lemuel, st_stairs_7,
          uniq_nergalle
D:11:     layout_basic, erik_lair_orcish_takeover, serial_shops, shop,
          nicolae_shop_stone, nicolae_lakefront_shop, shop, shop, minivault_22,
          pdpol_wu_jian_five_deadly_venoms, uniq_lodul
D:12:     layout_loops_ring, okawaru_metal_pillars_1_2
D:13:     layout_irregular_city, david_vaults_1, serial_shops,
          nicolae_shop_advertising_works [nicolae_subvault_shop_adworks],
          trog_hazing_becter, uniq_rupert
Temple:   nicolae_temple_no_exploring_needed

Skill      XL: |  1  2  3  4  5  6  7  8  9 10 11 12 |
---------------+-------------------------------------+-----
Fighting       | 1 2 3 4 5 6 7 8 |  8.3
Short Blades   | 2 3 4 5 6 7 8 |  8.0
Dodging        | 3 4 |  4.0
Stealth        | 5 6 7 9 10 11 | 11.0
Hexes          | 5 6 7 8 10 11 | 11.0
Ice Magic      | 1 2 4 5 7 9 10 | 10.6
Shields        | 2 3 4 5 6 7 |  7.8
Spellcasting   | 4 5 |  5.8
Necromancy     | 3 |  3.8
Earth Magic    | 3 |  3.5

Action                   |  1- 3 |  4- 6 |  7- 9 | 10-12 || total
-------------------------+-------+-------+-------+-------++-------
Melee: Dagger            |    57 |   129 |   161 |   434 ||   781
       Bite              |     5 |    10 |    20 |    70 ||   105
Throw: Dart              |     1 |       |       |       ||     1
 Cast: Ensorcelled Hiber |     4 |    63 |    56 |   114 ||   237
       Slow              |       |     4 |       |       ||     4
       Confusing Touch   |       |     3 |    10 |    11 ||    24
       Frozen Ramparts   |       |     1 |     1 |     6 ||     8
       Tukima's Dance    |       |       |     4 |    13 ||    17
Invok: Lunge             |       |       |    31 |    46 ||    77
       Whirlwind         |       |       |    14 |    49 ||    63
  Use: Scroll            |       |     8 |     8 |     6 ||    22
       Potion            |       |       |       |     1 ||     1
 Stab: Sleeping          |     9 |    39 |    52 |    83 ||   183
       Distracted        |       |     1 |       |     2 ||     3
       Confused          |       |     3 |     7 |    11 ||    21
Armor: Robe              |     2 |    12 |    10 |       ||    24
       Leather armour    |       |       |     4 |    18 ||    22
       Troll leather arm |       |       |       |    26 ||    26
Dodge: Dodged            |    23 |    87 |    85 |   185 ||   380
Block: Buckler           |       |    11 |    22 |    54 ||    87
       Kite shield       |       |       |       |    59 ||    59

Table legend: (Time is in decaauts)
 A = Elapsed time spent in this place.
 B = Non-inter-level travel time spent in this place.
 C = Inter-level travel time spent in this place.
 D = Time resting spent in this place.
 E = Time spent auto-exploring this place.
 F = Levels seen in this place.
 G = Mean time per level.
                   A        B        C        D        E       F      G
               +--------+--------+--------+--------+--------+-----+--------+
         Total |  11780 |  11339 |    441 |    922 |   7239 |  14 |  841.4 |
       Dungeon |  11765 |  11324 |    441 |    922 |   7239 |  13 |  905.0 |
        Temple |     14 |     14 |      0 |      0 |      0 |   1 |   14.0 |
               +--------+--------+--------+--------+--------+-----+--------+

Top non-repeatable levels by time:
    D:10: 1320 daAuts
     D:2: 1163 daAuts
     D:3: 1136 daAuts
     D:6: 1051 daAuts
     D:7: 1013 daAuts
     D:8: 960 daAuts
     D:5: 923 daAuts
     D:1: 805 daAuts
    D:11: 804 daAuts
    D:12: 800 daAuts
     D:9: 745 daAuts
     D:4: 605 daAuts
    D:13: 436 daAuts
  Temple: 14 daAuts
